A+ EAST
GREENVILLE DRIVE @ AUBURN DOUBLEDAYS
05/08/2042
 
TOP OF THE 1ST
Greenville Drive batting - Pitching for Auburn Doubledays : RHP Jesús Díaz
Pitching: RHP Jesús Díaz
Batting: RHB José Padilla 0-0: Called Strike
0-1: SINGLE (Groundball, 2L, EV 68.8 MPH) (infield hit)
Batting: SHB Jorge Barzola 0-0: Ball
1-0: Bunted foul
1-1: Ball
2-1: Bunted foul
2-2: Strikes out swinging
Batting: RHB Jerry Daniel 0-0: Called Strike
José Padilla steals 2nd base
0-1: Foul Ball, location: 3DF
0-2: Strikes out swinging
Batting: LHB Luis Cruz 0-0: Ball
1-0: Ball
2-0: Ball
3-0: Called Strike
3-1: Foul Ball, location: 7LMF
3-2: Foul Ball, location: 5F
3-2: Base on Balls
Batting: RHB Vern Murdock 0-0: Called Strike
0-1: Ball
1-1: Called Strike
1-2: Strikes out swinging
Top of the 1st over - 0 runs, 1 hit, 0 errors, 2 left on base; Greenville 0 - Auburn 0
BOTTOM OF THE 1ST
Auburn Doubledays batting - Pitching for Greenville Drive : RHP Jed Harris
Pitching: RHP Jed Harris
Batting: RHB Jeremiah Guthrie 0-0: Called Strike
0-1: Ball
1-1: Ball
2-1: Foul Ball, location: 5DF
2-2: Ball
3-2: Fly out, F9 (Line Drive, 89M, EV 107.5 MPH)
Batting: LHB Petro Heerland 0-0: Called Strike
0-1: Ball
1-1: Foul Ball, location: 5SF
1-2: Ball
2-2: Fly out, F9 (Flyball, 89D, EV 108.8 MPH)
Batting: RHB Shawn Tucker 0-0: Ball
1-0: Foul Ball, location: 5F
1-1: Called Strike
1-2: Foul Ball, location: 2F
1-2: Ball
2-2: Strikes out swinging
Bottom of the 1st over - 0 runs, 0 hits, 0 errors, 0 left on base; Greenville 0 - Auburn 0
TOP OF THE 2ND
Greenville Drive batting - Pitching for Auburn Doubledays : RHP Jesús Díaz
Batting: RHB Stan Hudson 0-0: Ball
1-0: DOUBLE (Flyball, 89D, EV 104.4 MPH)
Batting: LHB Orlando Santos 0-0: Called Strike
0-1: Called Strike
0-2: SINGLE (Line Drive, 8RS, EV 86.3 MPH)
Stan Hudson to third
Batting: SHB Adrián Duartes 0-0: Ball
Orlando Santos is caught stealing 2nd base 2-6
1-0: Foul Ball, location: 7LSF
1-1: Fly out, F8 (Flyball, 8LM, EV 94.4 MPH)
Batting: RHB Chris Washington 0-0: Ball
1-0: Fly out, F4 (Popup, 4, EV 70.6 MPH)
Top of the 2nd over - 0 runs, 2 hits, 0 errors, 1 left on base; Greenville 0 - Auburn 0
BOTTOM OF THE 2ND
Auburn Doubledays batting - Pitching for Greenville Drive : RHP Jed Harris
Batting: LHB Monte Moore 0-0: Ball
1-0: Called Strike
1-1: Swinging Strike
1-2: Foul Ball, location: 25F
1-2: Foul Ball, location: 23F
1-2: Ball
2-2: Strikes out swinging
Batting: RHB Edgardo Rodríguez 0-0: Foul Ball, location: 7LSF
0-1: Called Strike
0-2: Ball
1-2: Foul Ball, location: 2F
1-2: Foul Ball, location: 9LDF
1-2: Ball
2-2: DOUBLE (Line Drive, 89D, EV 98.8 MPH)
Batting: RHB Oliver Álvarez 0-0: Ball
1-0: Called Strike
1-1: Ball
2-1: DOUBLE (Line Drive, 7LD, EV 100.0 MPH)
Edgardo Rodríguez scores
Batting: RHB Dusty Long 0-0: Called Strike
0-1: Ball
1-1: Foul Ball, location: 9LDF
1-2: SINGLE (Groundball, 34D, EV 101.9 MPH)
Oliver Álvarez to third
Runner from 3rd tries for Home, SAFE, throw by RF to home
Batting: RHB Bernie Caine 0-0: Ball
1-0: Ball
2-0: Ball
3-0: Base on Balls
Dusty Long to second
Batting: RHB Héctor Tovar 0-0: Ball
1-0: Swinging Strike
1-1: Grounds into double play, 5-4-3 (Groundball, 56, EV 104.4 MPH)
Bottom of the 2nd over - 2 runs, 3 hits, 0 errors, 1 left on base; Greenville 0 - Auburn 2
TOP OF THE 3RD
Greenville Drive batting - Pitching for Auburn Doubledays : RHP Jesús Díaz
Batting: RHB José Padilla 0-0: Foul Ball, location: 2F
0-1: Foul Ball, location: 7LSF
0-2: Ball
1-2: Ball
2-2: Foul Ball, location: 2F
2-2: Ground out 5-3 (Groundball, 56, EV 81.9 MPH)
Batting: SHB Jorge Barzola 0-0: Called Strike
0-1: Ball
1-1: Ball
2-1: Foul Ball, location: 2F
2-2: Strikes out swinging
Batting: RHB Jerry Daniel 0-0: Ball
1-0: Called Strike
1-1: Ball
2-1: Swinging Strike
2-2: Foul Ball, location: 2F
2-2: Ball
3-2: DOUBLE (Flyball, 8RD, EV 98.8 MPH)
Batting: LHB Luis Cruz 0-0: Ball
1-0: Ball
2-0: Ball
3-0: Called Strike
3-1: Ground out U3 (Groundball, 3L, EV 76.3 MPH)
Top of the 3rd over - 0 runs, 1 hit, 0 errors, 1 left on base; Greenville 0 - Auburn 2
BOTTOM OF THE 3RD
Auburn Doubledays batting - Pitching for Greenville Drive : RHP Jed Harris
Batting: RHB Jeremiah Guthrie 0-0: Called Strike
0-1: Ball
1-1: Fly out, F8 (Flyball, 8LXD, EV 110.0 MPH)
Batting: LHB Petro Heerland 0-0: Called Strike
0-1: SINGLE (Line Drive, 34, EV 95.0 MPH)
Batting: RHB Shawn Tucker 0-0: Swinging Strike
0-1: Ball
1-1: Foul Ball, location: 25F
1-2: Fly out, F5 (Popup, 56S, EV 77.5 MPH)
Batting: LHB Monte Moore 0-0: Called Strike
0-1: Fly out, F8 (Flyball, 8RD, EV 100.0 MPH)
Bottom of the 3rd over - 0 runs, 1 hit, 0 errors, 1 left on base; Greenville 0 - Auburn 2
TOP OF THE 4TH
Greenville Drive batting - Pitching for Auburn Doubledays : RHP Jesús Díaz
Batting: RHB Vern Murdock 0-0: Called Strike
0-1: Foul Ball, location: 2F
0-2: Foul Ball, location: 2F
0-2: Foul Ball, location: 9LSF
0-2: Foul Ball, location: 3FF
0-2: Ball
1-2: Ground out 3-1 (Groundball, 34, EV 94.4 MPH)
Batting: RHB Stan Hudson 0-0: Ground out U3 (Groundball, 34, EV 85.0 MPH)
Batting: LHB Orlando Santos 0-0: Called Strike
0-1: Ball
1-1: Foul Ball, location: 7LSF
1-2: Fly out, F9 (Flyball, 8RS, EV 98.1 MPH)
Top of the 4th over - 0 runs, 0 hits, 0 errors, 0 left on base; Greenville 0 - Auburn 2
BOTTOM OF THE 4TH
Auburn Doubledays batting - Pitching for Greenville Drive : RHP Jed Harris
Batting: RHB Edgardo Rodríguez 0-0: Ball
1-0: DOUBLE (Flyball, 7LD, EV 101.9 MPH)
Batting: RHB Oliver Álvarez 0-0: Ball
1-0: Ball
2-0: Fly out, F9 (Flyball, 89S, EV 85.0 MPH)
Batting: RHB Dusty Long 0-0: Ball
Edgardo Rodríguez is caught stealing 3rd base 2-5
1-0: Called Strike
1-1: Ball
2-1: Foul Ball, location: 2F
2-2: SOLO HOME RUN (Flyball, 7D, EV 100.6 MPH), Distance : 399 ft
Batting: RHB Bernie Caine 0-0: Swinging Strike
0-1: Foul Ball, location: 5SF
0-2: Foul Ball, location: 3FF
0-2: Ball
1-2: Strikes out looking
Bottom of the 4th over - 1 run, 2 hits, 0 errors, 0 left on base; Greenville 0 - Auburn 3
TOP OF THE 5TH
Greenville Drive batting - Pitching for Auburn Doubledays : RHP Jesús Díaz
Batting: SHB Adrián Duartes 0-0: Ball
1-0: Called Strike
1-1: Ground out 4-3 (Groundball, 4S, EV 64.4 MPH)
Batting: RHB Chris Washington 0-0: Ball
1-0: Reaches on Catchers interference
Batting: RHB José Padilla 0-0: Called Strike
0-1: Ball
1-1: Foul Ball, location: 5F
1-2: Strikes out swinging
Batting: SHB Jorge Barzola 0-0: Ball
Chris Washington is caught stealing 2nd base 2-6
Top of the 5th over - 0 runs, 0 hits, 1 error, 0 left on base; Greenville 0 - Auburn 3
BOTTOM OF THE 5TH
Auburn Doubledays batting - Pitching for Greenville Drive : RHP Jed Harris
Batting: RHB Héctor Tovar 0-0: Fly out, F3 (Popup, 3F, EV 67.5 MPH)
Batting: RHB Jeremiah Guthrie 0-0: Ball
1-0: Foul Ball, location: 2F
1-1: Ball
2-1: Ball
3-1: Base on Balls
Batting: LHB Petro Heerland 0-0: Grounds out, U3 (Groundball, 3L, EV 89.4 MPH)
Batting: RHB Shawn Tucker 0-0: Ball
1-0: Ball
2-0: Foul Ball, location: 5FF
2-1: Foul Ball, location: 2F
2-2: Foul Ball, location: 2F
2-2: Strikes out swinging
Bottom of the 5th over - 0 runs, 0 hits, 0 errors, 1 left on base; Greenville 0 - Auburn 3
TOP OF THE 6TH
Greenville Drive batting - Pitching for Auburn Doubledays : RHP Jesús Díaz
Batting: SHB Jorge Barzola 0-0: Ball
1-0: Called Strike
1-1: Ball
2-1: Ball
3-1: Foul Ball, location: 5F
3-2: Base on Balls
Pitching: RHP Juan Sánchez
Batting: RHB Jerry Daniel 0-0: Foul Ball, location: 7LMF
0-1: Ball
Jorge Barzola steals 2nd base
1-1: Ball
2-1: Called Strike
2-2: Strikes out swinging
Batting: LHB Luis Cruz 0-0: Ball
1-0: Ball
2-0: Swinging Strike
2-1: Foul Ball, location: 5FF
2-2: Ball
3-2: Strikes out swinging
Batting: RHB Vern Murdock 0-0: Fly out, F6 (Line Drive, 6, EV 69.4 MPH)
Top of the 6th over - 0 runs, 0 hits, 0 errors, 1 left on base; Greenville 0 - Auburn 3
BOTTOM OF THE 6TH
Auburn Doubledays batting - Pitching for Greenville Drive : RHP Jed Harris
Pitching: RHP Sergio Rodríguez
Batting: LHB Monte Moore 0-0: Fly out, F8 (Flyball, 8RXD, EV 101.9 MPH)
Batting: RHB Edgardo Rodríguez 0-0: Called Strike
0-1: Ball
1-1: Ball
2-1: Foul Ball, location: 2F
2-2: Foul Ball, location: 9LMF
2-2: Foul Ball, location: 2F
2-2: Strikes out swinging
Batting: RHB Oliver Álvarez 0-0: Ball
1-0: Called Strike
1-1: Foul Ball, location: 2LF
1-2: Foul Ball, location: 9LMF
1-2: Reached on error, E6 (Groundball, P, EV 88.1 MPH)
Batting: RHB Dusty Long 0-0: Ball
Oliver Álvarez steals 2nd base
1-0: Called Strike
1-1: Ball
2-1: Ground out 6-3 (Groundball, 6, EV 103.8 MPH)
Bottom of the 6th over - 0 runs, 0 hits, 1 error, 1 left on base; Greenville 0 - Auburn 3
TOP OF THE 7TH
Greenville Drive batting - Pitching for Auburn Doubledays : RHP Juan Sánchez
Batting: RHB Stan Hudson 0-0: Ball
1-0: Ball
2-0: Ball
3-0: Base on Balls
Batting: LHB Orlando Santos 0-0: Ball
1-0: Ball
2-0: Grounds into double play, 4-6-3 (Groundball, 4, EV 105.0 MPH)
Batting: SHB Adrián Duartes 0-0: Ball
1-0: Ball
2-0: Called Strike
2-1: Ball
3-1: Foul Ball, location: 2F
3-2: Base on Balls
Batting: RHB Chris Washington 0-0: Foul Ball, location: 2F
0-1: Foul Ball, location: 5FF
0-2: Ball
1-2: Strikes out swinging, 2-3 out at first.
Top of the 7th over - 0 runs, 0 hits, 0 errors, 1 left on base; Greenville 0 - Auburn 3
BOTTOM OF THE 7TH
Auburn Doubledays batting - Pitching for Greenville Drive : RHP Sergio Rodríguez
Batting: RHB Bernie Caine 0-0: Foul Ball, location: 2F
0-1: Ball
1-1: SINGLE (Line Drive, 6D, EV 102.5 MPH)
Batting: RHB Héctor Tovar 0-0: Sac Bunt to 5S - play at first, batter OUT! 5-3
Bernie Caine to second
Batting: RHB Jeremiah Guthrie 0-0: Ball
1-0: Called Strike
1-1: Ground out 1-3 (Groundball, 15S, EV 68.1 MPH)
Batting: LHB Petro Heerland 0-0: Ball
1-0: Ball
2-0: Ball
3-0: Fly out, F4 (Popup, 4M, EV 52.5 MPH)
Bottom of the 7th over - 0 runs, 1 hit, 0 errors, 1 left on base; Greenville 0 - Auburn 3
TOP OF THE 8TH
Greenville Drive batting - Pitching for Auburn Doubledays : RHP Juan Sánchez
Batting: RHB José Padilla 0-0: DOUBLE (Line Drive, 7LD, EV 106.9 MPH)
Batting: SHB Jorge Barzola 0-0: Ground out U3 (Groundball, 3S, EV 85.6 MPH)
José Padilla to third
Batting: RHB Jerry Daniel 0-0: Foul Ball, location: 2F
0-1: SINGLE (Groundball, 6MD, EV 105.6 MPH)
José Padilla scores
Batting: LHB Luis Cruz 0-0: Called Strike
0-1: Foul Ball, location: 5FF
0-2: Ball
1-2: Grounds into double play, 6-4-3 (Groundball, 6, EV 90.6 MPH)
Top of the 8th over - 1 run, 2 hits, 0 errors, 0 left on base; Greenville 1 - Auburn 3
BOTTOM OF THE 8TH
Auburn Doubledays batting - Pitching for Greenville Drive : RHP Sergio Rodríguez
Batting: RHB Shawn Tucker 0-0: Called Strike
0-1: Foul Ball, location: 2F
0-2: Ball
1-2: Strikes out swinging
Batting: LHB Monte Moore 0-0: Called Strike
0-1: Swinging Strike
0-2: Ball
1-2: Ball
2-2: Strikes out swinging
Batting: RHB Edgardo Rodríguez 0-0: Ball
1-0: Ground out 6-3 (Groundball, 6, EV 88.1 MPH)
Bottom of the 8th over - 0 runs, 0 hits, 0 errors, 0 left on base; Greenville 1 - Auburn 3
TOP OF THE 9TH
Greenville Drive batting - Pitching for Auburn Doubledays : RHP Juan Sánchez
Pitching: LHP Juan Recéndis
Now at 1B: Sam Dunn
Now in CF: Raúl Melgareho
Now in RF: Jeremiah Guthrie
Batting: RHB Vern Murdock 0-0: Called Strike
0-1: Swinging Strike
0-2: Strikes out swinging
Batting: RHB Stan Hudson 0-0: Ball
1-0: Ball
2-0: Called Strike
2-1: Ground out 5-3 (Groundball, 56, EV 83.1 MPH)
Pinch Hitting: RHB Curt Wolfe 0-0: Swinging Strike
0-1: Swinging Strike
0-2: Ball
1-2: Ball
2-2: Strikes out swinging
Top of the 9th over - 0 runs, 0 hits, 0 errors, 0 left on base; Greenville 1 - Auburn 3
Friday, May 3rd , 2024 - OOTP Baseball 24.10 Build 82